Match 48545600
Unlisted

Match 48545600
End
Kradschützen Motorcycle Team
Panzergrenadier Squad
Selects Panzerjäger Kommand Battlegroup
Selects Mine Fields
Panzergrenadier Squad
Construct Light Support Kompanie
Panzerjäger Squad
Fire Support Elements
Vehicle Survival Package
Flakvierling Half-track
Pak 38 Anti-tank Gun Team
Selects Defensive Positions
Assault Mechanized Group
Construct Panzerarmee Kommand
Emergency Repair Kits
Selects Tank Busters
Selects Crew Shock Tactics
Panzer III L Medium Tank
Assault Mechanized Group
Panzer III L Medium Tank
Rapid Advance
Selects Butterfly Bomb Drop
Panzer III L Medium Tank
Selects Anti-tank Overwatch
Panzer III L Medium Tank
Anti-tank Overwatch
Panzer III L Medium Tank
Tomsch
Angrybirds
SMOKO
Dumais
0
0

Comments sign in to comment!

No comments posted yet!